 Dungeon Crawl Stone Soup version 0.27-a0-760-gc38aae387d (webtiles) character file.

Game seed: 984379068556085961

681 robertstho the Sneak (level 7, -4/49 HPs)
             Began as an Octopode Berserker on Mar 24, 2021.
             Was a Priest of Trog.
             Slain by a gnoll
             ... wielding a +0 flail of protection
              (9 damage)
             ... on level 4 of the Dungeon.
             The game lasted 00:05:28 (4994 turns).

robertstho the Sneak (Octopode Berserker)           Turns: 4994, Time: 00:05:28

Health: -4/49      AC:  1    Str: 18    XL:     7   Next: 61%
Magic:  7/7        EV: 14    Int:  9    God:    Trog [***...]
Gold:   118        SH:  0    Dex: 12    Spells: 6/6 levels left

rFire    . . .     SeeInvis .   a - +0 short sword
rCold    . . .     Faith    .   (no shield)
rNeg     . . .     Spirit   .   (helmet restricted)
rPois    .         Reflect  .   (no amulet)
rElec    .         Harm     .   (no ring)
rCorr    .         Rampage  .   (no ring)
Will     .....                  (no ring)
Stlth    +++++.....             (no ring)
HPRegen  0.16/turn              (no ring)
MPRegen  0.10/turn              (no ring)
                                (no ring)
                                (no ring)

@: no status effects
A: almost no armour, amphibious, 8 rings, camouflage 1, gelatinous body 1,
nimble swimmer 1, tentacles
a: Renounce Religion, Berserk, Trog's Hand


You were on level 4 of the Dungeon.
You worshipped Trog.
Trog was most pleased with you.
You visited 1 branch of the dungeon, and saw 4 of its levels.

You collected 118 gold pieces.

Inventory:

Hand Weapons
 a - a +0 short sword (weapon)
Scrolls
 c - a scroll of teleportation
 d - 2 scrolls of identify
 j - a scroll of blinking {unknown}
Potions
 b - a potion of mutation
 e - 2 potions of heal wounds {unknown}
 f - a potion of flight {unknown}
 g - a potion of might {unknown}
 h - 2 potions of ambrosia {unknown}
 i - a potion of haste {unknown}
 k - a potion of invisibility {unknown}
 l - 2 potions of curing {unknown}
 m - a potion of cancellation {unknown}


   Skills:
 * Level 4.5 Fighting
 + Level 4.4 Short Blades
 * Level 4.5 Dodging
 * Level 7.6 Stealth


You had 6 spell levels left.
You didn't know any spells.
Your spell library was empty.

Dungeon Overview and Level Annotations

Branches:
Dungeon (4/15)
 Temple: D:4-7

Altars:


Innate Abilities, Weirdness & Mutations

You cannot wear most types of armour.
You are amphibious.
You can wear up to eight rings at the same time.
Your skin changes colour to match your surroundings (Stealth+).
Your rubbery body absorbs attacks. (AC +1, EV +1)
You are stealthy while swimming. (Stealth+)
You have tentacles for arms and can constrict up to eight enemies at once.


Message History

The gnoll is almost dead.
You constrict the gnoll.
You kill the gnoll!
Trog accepts your kill.
No target in view!
No target in view!
No target in view!
No target in view!
No target in view!
No target in view!
No target in view!
No target in view!
No target in view!
No target in view!
A gnoll is nearby!
A gnoll is nearby!
A gnoll is nearby!
A gnoll is nearby!
The gnoll shouts!
You hear a shout!
A gnoll comes into view.
It is wielding a +0 flail of protection.
The gnoll closely misses you.
The gnoll hits you with a +2 spear of freezing!
The gnoll freezes you.
You hit the gnoll. Your grab misses the gnoll. Your squeeze misses the gnoll.
The gnoll is heavily wounded.
The gnoll hits you with a +2 spear of freezing!
* * * LOW HITPOINT WARNING * * *
The gnoll freezes you.
* * * LOW HITPOINT WARNING * * *
You hit the gnoll but do no damage. Your grab misses the gnoll.
The gnoll is heavily wounded.
The gnoll hits you with a +2 spear of freezing.
* * * LOW HITPOINT WARNING * * *
The gnoll freezes you.
* * * LOW HITPOINT WARNING * * *
You hit the gnoll. You grab the gnoll.
The gnoll is severely wounded.
You constrict the gnoll.
The gnoll hits you with a +0 flail of protection!
You die...

##................### ######
#<.............)....#####.....
#.....................#.......
##...................))........
#......)............)..........
#............)....##..)........
#.................####.........
###.....)...........#####........
........†.......@......).........
≈≈≈≈≈≈≈≈≈≈≈≈≈≈≈≈gg..≈≈≈≈≈≈≈≈≈≈≈≈≈
≈≈≈≈≈≈≈≈≈≈≈≈≈≈≈≈....≈≈≈≈≈≈≈≈≈≈≈≈≈
####≈≈≈≈≈≈≈≈≈≈≈≈....≈≈≈≈≈≈≈≈≈≈≈≈#
.gg#............................#
...#############''''#############
##+# #....#######.....# .#
'....'..).)).....# .#
#....#######.....#


You could see 2 gnolls.

Vanquished Creatures
  A hornet (D:3)
  A gnoll shaman (D:4)
  Natasha (twice) (D:3)
  An iguana (D:4)
  22 gnolls (D:4)
  6 adders
  A white imp (D:3)
  An adder skeleton (D:4)
  2 dart slugs
  5 ball pythons
  3 bats
  4 endoplasms
  A giant cockroach (D:1)
  4 goblins
  8 hobgoblins
  21 jackals
  9 kobolds
  4 quokkas
  5 frilled lizards
  4 rats
105 creatures vanquished.

Vanquished Creatures (others)
  A plant (D:4)
1 creature vanquished.

Grand Total: 106 creatures vanquished

Notes
Turn   | Place    | Note
-------+----------+-------------------------------------------
     0 | D:1      | robertstho the Octopode Berserker began the quest for the
                  | Orb.
     0 | D:1      | Reached XP level 1. HP: 16/16 MP: 1/1
   321 | D:1      | Reached XP level 2. HP: 17/21 MP: 2/2
   505 | D:1      | Reached skill level 1 in Stealth
   917 | D:1      | You fall into a shaft and drop 1 floor!
   949 | D:2      | Reached XP level 3. HP: 26/26 MP: 3/3
  1552 | D:2      | Reached ** piety under Trog
  1973 | D:1      | Reached skill level 2 in Stealth
  2241 | D:3      | Reached XP level 4. HP: 33/33 MP: 4/4
  2325 | D:3      | Noticed Natasha
  2334 | D:3      | Killed Natasha
  2335 | D:3      | Reached skill level 3 in Stealth
  2592 | D:3      | Reached XP level 5. HP: 33/37 MP: 5/5
  2753 | D:3      | Noticed a hornet
  2764 | D:3      | Killed a hornet
  2765 | D:3      | Reached skill level 5 in Stealth
  2765 | D:3      | Reached XP level 6. HP: 6/43 MP: 6/6
  2767 | D:3      | HP: 2/43 [poisoned by a hornet]
  2787 | D:3      | Noticed Natasha
  3038 | D:3      | Identified Sif Muna's Volume of the Doomed Frostbite
  3046 | D:3      | Reached skill level 6 in Stealth
  3122 | D:3      | Killed Natasha
  3987 | D:4      | Reached XP level 7. HP: 47/48 MP: 7/7
  4064 | D:4      | Reached skill level 7 in Stealth
  4066 | D:4      | Reached *** piety under Trog
  4994 | D:4      | Slain by a gnoll

Illustrated notes

Levels and vault maps discovered:
D:1:      amcnicky_arrival_blooded_trapdoor, layout_basic,
          chequers_serial_rivers_small_b
D:2:      layout_loops_ring
D:3:      layout_loops_cross, hangedman_decor_lopped, uniq_natasha
D:4:      lemuel_castle_with_subvaults [lemuel_castle_interior_original],
          layout_cave_pods, corexii_item_surrounded_by_moat

Skill      XL: |  1  2  3  4  5  6  7 |
---------------+----------------------+-----
Stealth        | 1 2 3 5 6 7 |  7.6
Fighting       | 4 |  4.5
Dodging        | 4 |  4.5
Short Blades   | 4 |  4.4

Action                   |  1- 3 |  4- 6 |  7- 9 || total
-------------------------+-------+-------+-------++-------
Melee: Short sword       |    80 |    79 |    69 ||   228
       Constrict         |    17 |    16 |    21 ||    54
       Tentacles         |     8 |    16 |    23 ||    47
Invok: Berserk           |     2 |     2 |     2 ||     6
       Trog's Hand       |       |     1 |     1 ||     2
  Use: Scroll            |     3 |       |       ||     3
 Stab: Sleeping          |    11 |    13 |     3 ||    27
       Distracted        |       |     1 |       ||     1
Armor: Skin              |     2 |     2 |     1 ||     5
Dodge: Dodged            |    37 |    44 |    28 ||   109

Table legend: (Time is in decaauts)
 A = Elapsed time spent in this place.
 B = Non-inter-level travel time spent in this place.
 C = Inter-level travel time spent in this place.
 D = Time resting spent in this place.
 E = Time spent auto-exploring this place.
 F = Levels seen in this place.
 G = Mean time per level.
                   A        B        C        D        E       F      G
               +--------+--------+--------+--------+--------+-----+--------+
         Total |   5028 |   4951 |     77 |   1044 |   3173 |   4 | 1257.0 |
       Dungeon |   5028 |   4951 |     77 |   1044 |   3173 |   4 | 1257.0 |
               +--------+--------+--------+--------+--------+-----+--------+

Top non-repeatable levels by time:
     D:4: 1708 daAuts
     D:1: 1247 daAuts
     D:3: 1073 daAuts
     D:2: 998 daAuts
